 Dungeon Crawl Stone Soup version 0.27.1-2-g3b301248ec (webtiles) character file.

Game seed: 7154064198925248364

1185 Descartes the Sneak (level 8, 0/37 HPs)
             Began as a Spriggan Wanderer on Oct 1, 2021.
             Slain by a wyvern (14 damage)
             ... on level 6 of the Dungeon.
             The game lasted 00:11:09 (8587 turns).

Descartes the Sneak (Spriggan Wanderer)             Turns: 8587, Time: 00:11:09

Health: 0/37       AC:  2    Str:  8    XL:     8   Next: 19%
Magic:  9/9        EV: 19    Int: 13    God:
Gold:   267        SH:  0    Dex: 17    Spells: 8/8 levels left

rFire    . . .     SeeInvis +   F - +2 dagger (elec)
rCold    . . .     Faith    .   (shield restricted)
rNeg     . . .     Spirit   .   c - +0 robe
rPois    .         Reflect  .   (helmet restricted)
rElec    .         Harm     .   (no cloak)
rCorr    .         Rampage  .   (gloves unavailable)
Will     +....                  (boots unavailable)
Stlth    ++++......             (no amulet)
HPRegen  0.12/turn              o - +4 ring of slaying
MPRegen  0.11/turn              (no ring)

@: very quick
A: very small, no large weapons, unfitting armour, see invisible, speed 3
a: no special abilities


You were on level 6 of the Dungeon.
You visited 1 branch of the dungeon, and saw 6 of its levels.

You collected 267 gold pieces.

Inventory:

Hand Weapons
 F - a +2 dagger of electrocution (weapon)
Missiles
 f - 28 poisoned darts (quivered)
 h - 193 stones
 i - 12 arrows
 p - 15 sling bullets
 D - a throwing net
Armour
 c - a +0 robe (worn)
 C - a +0 buckler
Jewellery
 a - a ring of flight
 o - a +4 ring of slaying (left hand)
Wands
 y - a wand of charming (7)
 B - a wand of paralysis (8)
Scrolls
 b - 3 scrolls of teleportation
 e - 3 scrolls of identify {unknown}
 j - a scroll of magic mapping {unknown}
 r - 2 scrolls of vulnerability {unknown}
 A - 2 scrolls of acquirement {unknown}
 E - a scroll of fear {unknown}
Potions
 d - a potion of ambrosia {unknown}
 g - 2 potions of haste {unknown}
 k - a potion of degeneration {unknown}
 l - a potion of brilliance {unknown}
 m - 2 potions of invisibility {unknown}
 n - 2 potions of might {unknown}
 q - 3 potions of flight {unknown}
 s - 3 potions of lignification {unknown}
 u - 2 potions of mutation {unknown}
 v - a potion of resistance {unknown}
 w - 2 potions of cancellation {unknown}
 z - 3 potions of curing {unknown}


   Skills:
 - Level 1.0 Fighting
 + Level 4.5 Short Blades
 - Level 1.3 Polearms
 - Level 2.0 Throwing
 + Level 5.3 Dodging
 + Level 7.3 Stealth
 + Level 1.1 Shields
 - Level 2.4 Unarmed Combat
 + Level 0.6 Spellcasting
 + Level 5.1 Transmutations
 + Level 3.8 Poison Magic


You had 8 spell levels left.
You didn't know any spells.
Your spell library contained the following spells:

 Spells                   Type           Power      Damage    Failure   Level
 Animate Skeleton         Necr           0%         N/A       30%         1
 Pain                     Necr           0%         1d4       30%         1
 Vampiric Draining        Necr           0%         2d6       65%         3
 Alistair's Intoxication  Tmut/Pois      8%         N/A       77%         5
 Borgnjor's Vile Clutch   Necr/Erth      0%         N/A       100%        5
 Eringya's Noxious Bog    Tmut/Pois      6%         N/A       100%        6


Dungeon Overview and Level Annotations

Branches:
Dungeon (6/15)
 Temple: D:4-7

Altars:
Nemelex Xobeh


Innate Abilities, Weirdness & Mutations

You are very small and have problems with some larger weapons.
You are too small for most types of armour.
You have supernaturally acute eyesight. (SInv)
You cover ground extremely quickly. (Speed+++)


Message History

The wyvern bites you but does no damage.
The wyvern closely misses you.
You closely miss the wyvern.
The wyvern is heavily wounded.
The wyvern hisses menacingly.
The wyvern barely misses you.
You closely miss the wyvern.
The wyvern is heavily wounded.
The wyvern bites you.
You are too injured to fight recklessly!
You are too injured to fight recklessly!
You are too injured to fight recklessly!
You are too injured to fight recklessly!
You are too injured to fight recklessly!
You are too injured to fight recklessly!
You are too injured to fight recklessly!
You are too injured to fight recklessly!
You are too injured to fight recklessly!
You are too injured to fight recklessly!
You are too injured to fight recklessly!
You are too injured to fight recklessly!
You are too injured to fight recklessly!
You are too injured to fight recklessly!
You are too injured to fight recklessly!
You are too injured to fight recklessly!
You are too injured to fight recklessly!
You barely miss the wyvern.
The wyvern is heavily wounded.
The wyvern hisses menacingly.
The wyvern bites you.
You closely miss the wyvern.
The wyvern is heavily wounded.
The wyvern bites you but does no damage.
You hit the wyvern but do no damage.
The wyvern is heavily wounded.
The wyvern misses you.
You hit the wyvern but do no damage.
The wyvern is heavily wounded.
The wyvern completely misses you. The wyvern bites you!
You die...

...##
<..## #
#...#
##..
...##....
#......#
#<...#
#..###
##..#
#.@##
.......l#
####....#
####..
##. #. #


You could see a wyvern.

Vanquished Creatures
  An ogre (D:5)
  A scorpion (D:5)
  2 water moccasin skeletons
  A howler monkey (D:5)
  2 bullfrog zombies (D:5)
  A centaur zombie (D:5)
  6 hounds
  An orc priest (D:5)
  A bullfrog skeleton (D:4)
  2 iguanas
  5 orc wizards
  8 adders
  15 gnolls (D:5)
  An ufetubus (D:2)
  2 worms (D:2)
  3 dart slugs (D:4)
  35 orcs
  5 ball pythons
  4 bats
  7 endoplasms
  A giant cockroach (D:1)
  4 goblins
  3 hobgoblins
  26 jackals
  6 kobolds
  5 quokkas
  4 frilled lizards
  3 rats
155 creatures vanquished.

Vanquished Creatures (others)
  13 plants
13 creatures vanquished.

Grand Total: 168 creatures vanquished

Notes
Turn   | Place    | Note
-------+----------+-------------------------------------------
     0 | D:1      | Descartes the Spriggan Wanderer began the quest for the
                  | Orb.
     0 | D:1      | Descartes set off with the following items: a +2 spear, 2
                  | scrolls of teleportation, a +0 robe, a +0 dagger
     0 | D:1      | Reached XP level 1. HP: 10/10 MP: 2/2
   231 | D:1      | Found a faded altar of an unknown god.
   402 | D:1      | Reached skill level 1 in Dodging
   497 | D:1      | Reached XP level 2. HP: 14/14 MP: 3/3
   548 | D:1      | Reached skill level 1 in Short Blades
  1190 | D:2      | Reached skill level 1 in Transmutations
  1529 | D:2      | Reached XP level 3. HP: 10/18 MP: 4/4
  2077 | D:2      | Reached skill level 4 in Stealth
  2083 | D:2      | Reached skill level 1 in Poison Magic
  2280 | D:2      | Reached XP level 4. HP: 22/22 MP: 5/5
  3453 | D:4      | Reached XP level 5. HP: 16/25 MP: 6/6
  3680 | D:4      | Reached skill level 5 in Stealth
  3779 | D:4      | Reached XP level 6. HP: 28/30 MP: 7/7
  4353 | D:4      | HP: 1/30 [orc (1)]
  4887 | D:4      | Found a sparkling altar of Nemelex Xobeh.
  5110 | D:5      | Entered Level 5 of the Dungeon
  5460 | D:5      | Reached skill level 6 in Stealth
  5474 | D:5      | Reached XP level 7. HP: 22/33 MP: 8/8
  6499 | D:5      | Reached skill level 5 in Dodging
  6608 | D:5      | Reached skill level 7 in Stealth
  7050 | D:5      | Reached XP level 8. HP: 19/37 MP: 9/9
  7341 | D:5      | Reached skill level 5 in Transmutations
  7613 | D:5      | Reached skill level 1 in Shields
  8587 | D:6      | Slain by a wyvern

Illustrated notes

Levels and vault maps discovered:
D:1:      onia_arrival_mini_maze, layout_basic,
          shapermc_ecumenical_altar_mp_highgroup, minmay_tromino_v4_a
D:2:      layout_loops_cross, serial_forest, infiniplex_forest_end_2,
          infiniplex_forest_straight_5, infiniplex_forest_corner_1,
          infiniplex_forest_zigzag_1, infiniplex_forest_clump_diagonal,
          infiniplex_forest_straight_1, infiniplex_forest_zigzag_2,
          infiniplex_forest_end_2
D:3:      layout_basic
D:4:      layout_loops_ring, nemelex_diamond_rough_becter,
          hangedman_decor_growths, serial_bayou_lagoon_b
D:5:      lemuel_castle_with_subvaults [lemuel_castle_interior_carwin_2],
          layout_rooms
D:6:      layout_cave_pods, minmay_temple_entry_mini_moons, serial_shops, shop

Skill      XL: |  1  2  3  4  5  6  7  8 |
---------------+-------------------------+-----
Dodging        | 1 2 3 4 5 |  5.3
Short Blades   | 1 2 3 4 |  4.5
Transmutations | 1 2 3 4 5 |  5.1
Stealth        | 4 5 6 7 |  7.3
Poison Magic   | 1 2 3 |  3.8
Shields        | 1 |  1.1
Fighting       | |  1.0
Polearms       | |  1.3
Throwing       | |  2.0
Unarmed Combat | |  2.4
Spellcasting   | |  0.6

Action                   |  1- 3 |  4- 6 |  7- 9 || total
-------------------------+-------+-------+-------++-------
Melee: Spear             |   109 |   151 |       ||   260
       Punch             |       |     1 |     1 ||     2
       Dagger            |       |    70 |   278 ||   348
 Stab: Sleeping          |    11 |     8 |     1 ||    20
       Distracted        |       |     2 |       ||     2
Armor: Robe              |     9 |    16 |     9 ||    34
Dodge: Dodged            |    86 |   139 |   156 ||   381
